 Dungeon Crawl Stone Soup version 0.24.0-7-gb3623d2c88 (webtiles) character file.

Game seed: 9282959235255164021, levelgen mode: deterministic

1399 Aviak the Cleaver (level 8, -2/71 HPs)
             Began as a Hill Orc Gladiator on Nov 2, 2019.
             Slain by an ogre
             ... wielding a +0 giant spiked club
              (14 damage)
             ... on level 6 of the Dungeon.
             The game lasted 00:08:04 (5085 turns).

Aviak the Cleaver (Hill Orc Gladiator)              Turns: 5085, Time: 00:08:05

Health: -2/71      AC: 11    Str: 19    XL:     8   Next: 69%
Magic:  8/8        EV: 11    Int: 13    God:
Gold:   161        SH:  7    Dex: 12    Spells: 7/7 levels left

rFire    . . .     SeeInvis .   a - +0 war axe
rCold    + . .     Gourm    .   r - +2 buckler
rNeg     . . .     Faith    .   e - +0 scale mail
rPois    +         Spirit   .   u - +0 helmet of the Salamander {rC+} (curse)
rElec    .         Reflect  .   l - +1 cloak {rPois}
rCorr    .         Harm     .   (no gloves)
MR       .....     Rnd*Tele +   (no boots)
Stlth    ..........             (no amulet)
HPRegen  0.21/turn              P - ring of poison resistance
MPRegen  0.11/turn              g - ring of teleportation (curse)

@: brilliant, lethally poisoned (-2 -> -3)
A: no striking features
a: no special abilities


You were on level 6 of the Dungeon.
You were not hungry.

You visited 2 branches of the dungeon, and saw 7 of its levels.

You collected 203 gold pieces.
You spent 42 gold pieces at shops.

Inventory:

Hand Weapons
 a - a +0 war axe (weapon)
Missiles
 d - 2 throwing nets (quivered) {!f}
Armour
 b - a +0 leather armour
 e - a +0 scale mail (worn)
 l - a +1 cloak of poison resistance (worn)
 r - a +2 buckler (worn)
 u - the cursed +0 helmet of the Salamander (worn) {rC+}
   (You found it on level 4 of the Dungeon)

   It protects you from cold.
   It has a curse placed upon it.
Jewellery
 g - a cursed ring of teleportation (right hand)
 P - a ring of poison resistance (left hand)
Scrolls
 h - a scroll of fear
 k - a scroll of amnesia
 q - 2 scrolls of teleportation
 x - a scroll of blinking
Potions
 c - a potion of curing
 j - 3 potions of degeneration {!q!q}
 m - a potion of haste {unknown}
 o - a potion of flight
 s - a potion of brilliance
 t - 4 potions of lignification {unknown}
 v - a potion of invisibility {unknown}
Comestibles
 f - 9 rations


   Skills:
 + Level 6.8 Fighting
 + Level 8.1 Axes
 - Level 1.7 Throwing
 + Level 5.5 Armour
 - Level 2.6 Dodging
 + Level 4.9 Shields


You had 7 spell levels left.
You didn't know any spells.
Your spell library was empty.

Dungeon Overview and Level Annotations

Branches:
Dungeon (6/15)             Temple (1/1) D:6

Altars:
Cheibriados
Dithmenos
Elyvilon
Fedhas
Gozag
Hepliaklqana
Kikubaaqudgha
Makhleb
Nemelex Xobeh
Trog
Uskayaw
Vehumet
Wu Jian
Xom
Yredelemnul
Zin
The Shining One

Shops:
D:4 *

Annotations:
D:3 2 transporters, Menkaure


Message History

The ogre is severely wounded.
The crimson imp blinks!
The ogre hits you with a +0 giant spiked club!
* * * LOW HITPOINT WARNING * * *
You bump into the rock wall.
You feel sick.
The ogre hits you with a +0 giant spiked club!
* * * LOW HITPOINT WARNING * * *
You're too confused to move!
You feel less invigorated.
You feel less confused.
Unknown command.
You barely miss the ogre.
The ogre is severely wounded.
You feel sick. The ogre barely misses you.
The crimson imp grinds its teeth.
Unknown command.
You barely miss the ogre.
The ogre is severely wounded.
The crimson imp blinks!
The ogre hits you with a +0 giant spiked club!
You die...

...####... ...
.....(.. ..##
##.....##...#..
##...#..........
#.#.....5.(....#.
.................(
.......ยง.....5####
.....#(#O#######
... #. #@#
...##.##.#
......#.......#..#
..#.............##
....... ###(.....#
......####.......#
........##.#.....#
.##..##(...>.....#
..##.##..........#


You could see an ogre and a crimson imp.

Vanquished Creatures
  Sigmund (D:3)
  A bullfrog (D:6)
  3 scorpions
  A water moccasin skeleton (D:4)
  A quasit (D:5)
  2 orc priests
  6 hounds
  A gnoll shaman (D:5)
  Crazy Yiuf (D:5)
  7 orc wizards
  Natasha (D:2)
  An iguana (D:4)
  5 worker ants
  Robin (D:3)
  A worker ant zombie (D:5)
  6 gnolls
  9 adders
  An ooze (D:1)
  2 worms (D:2)
  A dart slug (D:1)
  7 leopard geckos
  10 orcs
  4 bats
  8 giant cockroaches
  18 goblins
  16 hobgoblins
  4 jackals (D:2)
  10 kobolds
  A quokka (D:3)
  5 frilled lizards
  A jackal zombie (D:5)
  10 rats
146 creatures vanquished.

Notes
Turn   | Place    | Note
-------+----------+-------------------------------------------
     0 | D:1      | Aviak the Hill Orc Gladiator began the quest for the Orb.
     0 | D:1      | Reached XP level 1. HP: 18/18 MP: 1/1
    26 | D:1      | Reached XP level 2. HP: 17/25 MP: 2/2
   329 | D:1      | Reached XP level 3. HP: 31/31 MP: 3/3
   385 | D:1      | Reached skill level 1 in Armour
   769 | D:2      | Reached XP level 4. HP: 31/38 MP: 4/4
   825 | D:2      | Reached skill level 5 in Axes
  1441 | D:2      | Reached XP level 5. HP: 43/46 MP: 5/5
  1450 | D:2      | Reached skill level 1 in Shields
  1481 | D:2      | Noticed Natasha
  1488 | D:2      | Killed Natasha
  1538 | D:3      | Noticed Robin
  1545 | D:3      | Killed Robin
  1607 | D:3      | Reached XP level 6. HP: 30/53 MP: 6/6
  1963 | D:3      | Found a faded altar of an unknown god.
  1981 | D:3      | Found a radiant altar of Vehumet.
  2007 | D:3      | Noticed Sigmund
  2040 | D:3      | Killed Sigmund
  2040 | D:3      | Reached skill level 6 in Axes
  2145 | D:3      | Found a sparkling altar of Nemelex Xobeh.
  2241 | D:3      | Found a transporter.
  2244 | D:3      | Found an ancient bone altar of Kikubaaqudgha.
  2246 | D:3      | Noticed Menkaure
  2248 | D:3      | Found a basalt altar of Yredelemnul.
  2265 | D:3      | Found a sparkling altar of Nemelex Xobeh.
  2279 | D:3      | Found a bloodstained altar of Trog.
  2376 | D:3      | Found a transporter.
  2391 | D:3      | Reached XP level 7. HP: 60/60 MP: 7/7
  2729 | D:4      | Found Utzubar's General Store.
  2732 | D:4      | Bought a scroll of teleportation for 42 gold pieces
  2751 | D:4      | Reached skill level 5 in Fighting
  3104 | D:4      | Got a spiked helmet
  3115 | D:4      | Identified the cursed +0 helmet of the Salamander {rC+}
                  | (You found it on level 4 of the Dungeon)
  3391 | D:4      | Reached skill level 7 in Axes
  3478 | D:4      | Found an opulent altar of Gozag.
  3790 | D:5      | Entered Level 5 of the Dungeon
  3817 | D:5      | Reached XP level 8. HP: 50/70 MP: 8/8
  4044 | D:5      | Reached skill level 5 in Armour
  4390 | D:5      | Found a snail-covered altar of Cheibriados.
  4478 | D:5      | Found a runed translucent door.
  4479 | D:5      | Noticed Crazy Yiuf
  4804 | D:5      | Killed Crazy Yiuf
  4887 | D:6      | Found a staircase to the Ecumenical Temple.
  4893 | Temple   | Entered the Ecumenical Temple
  5002 | D:6      | Reached skill level 8 in Axes
  5085 | D:6      | Slain by an ogre

Levels and vault maps discovered:
D:1:      lightli_arrival_statuegarden, layout_rooms,
          minmay_misc_feat_four_crosses
D:2:      layout_basic, uniq_natasha
D:3:      layout_loops_ring, nemelex_xobeh_ov_fountains_minmay,
          lightli_temple_of_fire, overflow_temple_1_default,
          gammafunk_temple_of_torment, chequers_ecumenical_altar_simple,
          first_ration, amethyst_killhole, chequers_serial_rivers_large_a,
          nemelex_spade_bored_becter, uniq_sigmund, uniq_robin
D:4:      layout_basic, old_standard_altar, serial_shops, kennysheep_mini,
          hex_medium, hangedman_decor_diamond_cutter
D:5:      layout_basic, kennysheep_little_box, uniq_crazy_yiuf_cottage
D:6:      layout_rooms, nicolae_qazlal_eye_of_the_storm,
          minmay_temple_entry_mist
Temple:   cyrus_temple_forest

Skill      XL: |  1  2  3  4  5  6  7  8 |
---------------+-------------------------+-----
Fighting       | 3 4 5 6 |  6.8
Armour         | 1 2 3 4 5 |  5.5
Axes           | 5 6 7 8 |  8.1
Shields        | 1 2 3 4 |  4.9
Throwing       | |  1.7
Dodging        | |  2.6

Action                   |  1- 3 |  4- 6 |  7- 9 || total
-------------------------+-------+-------+-------++-------
Melee: War axe           |   106 |   182 |   271 ||   559
Throw: Throwing net      |       |     1 |       ||     1
  Use: Potion            |       |     5 |     4 ||     9
       Scroll            |       |       |     8 ||     8
  Eat: Chunk             |       |     5 |     9 ||    14
Armor: Leather armour    |     2 |       |       ||     2
       Scale mail        |    51 |    65 |   124 ||   240
Dodge: Dodged            |    59 |    95 |   116 ||   270
Block: Buckler           |       |    45 |    82 ||   127
